 Dungeon Crawl Stone Soup version 0.27.0-1-g7a089689b8 (webtiles) character file.

Game seed: 11615268632283265023

4429 agentchuck the Covert (level 10, 0/63 HPs)
             Began as a Vampire Hunter on Aug 3, 2021.
             Was a Believer of Uskayaw.
             Slain by a hornet (5 damage)
             ... on level 9 of the Dungeon.
             The game lasted 00:41:47 (13966 turns).

agentchuck the Covert (Vampire Hunter)             Turns: 13966, Time: 00:41:48

Health: 0/63       AC:  6    Str: 11    XL:     10   Next: 14%
Magic:  14/14      EV:  8    Int: 14    God:    Uskayaw [**....]
Gold:   271        SH:  7    Dex: 18    Spells: 14/15 levels left

rFire    . . .     SeeInvis +   e - +4 hunting sling
rCold    + + .     Faith    .   m - +0 kite shield
rNeg     + + +     Spirit   .   a - +1 ring mail
rPois    ∞         Reflect  .   (no helmet)
rElec    .         Harm     .   (no cloak)
rCorr    .         Rampage  .   (no gloves)
Will     +....                  (no boots)
Stlth    ++++++....             (no amulet)
HPRegen  0.00/turn              Z - ring of wizardry
MPRegen  0.14/turn              (no ring)

@: bloodless, inhibited regen, studying Short Blades
A: bloodless, fangs 3, see invisible, vampiric 2
a: Bat Form, Revivify, Renounce Religion, Stomp, Line Pass


You were on level 9 of the Dungeon.
You worshipped Uskayaw.
Uskayaw was noncommittal.
You visited 2 branches of the dungeon, and saw 10 of its levels.
You also visited: Ossuary.

You collected 451 gold pieces.
You spent 180 gold pieces at shops.


Innate Abilities, Weirdness & Mutations

You do not regenerate when monsters are visible.
You are frail without blood (-20% HP).
You can heal yourself when you bite living creatures.
You are immune to poison.
You have razor-sharp teeth.
You have supernaturally acute eyesight. (SInv)
You are afflicted with vampirism and can become a bat while bloodless.


   Skills:
 - Level 7.4 Fighting
 + Level 9.8 Short Blades
 - Level 5.5 Throwing
 - Level 3.0 Dodging
 - Level 9.8 Stealth
 + Level 0.0 Shields
 - Level 3.0 Spellcasting
 - Level 4.0 Transmutations
 + Level 1.3 Invocations
 + Level 1.3 Evocations


You had 14 spell levels left.
You knew the following spells:

 Your Spells              Type           Power      Damage    Failure   Level
e - Beastly Appendage     Tmut           26%        N/A       26%         1

Your spell library contained the following spells:

 Spells                   Type           Power      Damage    Failure   Level
 Wereblood                Tmut           13%        N/A       38%         2
 Summon Small Mammal      Summ           8%         N/A       78%         1
 Spider Form              Tmut/Pois      3%         N/A       86%         3
 Blink                    Tloc           N/A        N/A       89%         2
 Slow                     Hex            2%         N/A       89%         2
 Call Canine Familiar     Summ           2%         N/A       98%         3
 Confusing Touch          Hex            2%         N/A       98%         3
 Frozen Ramparts          Ice            4%         1d2       98%         3
 Stone Arrow              Conj/Erth      4%         3d7       98%         3
 Summon Guardian Golem    Hex/Summ       2%         N/A       98%         3
 Vampiric Draining        Necr           1%         2d6       98%         3
 Ice Form                 Ice/Tmut       7%         N/A       99%         4
 Petrify                  Tmut/Erth      7%         N/A       99%         4
 Summon Ice Beast         Ice/Summ       2%         N/A       100%        4
 Bolt of Magma            Conj/Fire/Erth 1%         4d4       100%        5
 Irradiate                Conj/Tmut      3%         3d14      100%        5
 Manifold Assault         Tloc           2%         N/A       100%        5
 Dispersal                Tloc           1%         N/A       100%        6
 Orb of Destruction       Conj           1%         N/A       100%        7
 Spellforged Servitor     Conj/Summ      1%         N/A       100%        7
 Storm Form               Tmut/Air       3%         N/A       100%        7
 Disjunction              Tloc           1%         N/A       100%        8
 Shatter                  Erth           1%         3d5*      100%        9
 Sublimation of Blood     Necr           Unusable   N/A       N/A         2

Inventory:

Hand Weapons
 e - a +4 hunting sling (weapon)
 q - a +2 dagger of speed
 v - the +3 spear "Killer Bee's Regret" {spect, rElec rN+ rCorr}
   (You found it on level 8 of the Dungeon)

   When its wielder attacks, the weapon's spirit leaps out and strikes again.
   The spirit shares a part of any damage it takes with its wielder.
   rElec:     It insulates you from electricity.
   rN:        It protects you from negative energy.
   rCorr:     It protects you from acid and corrosion.
 w - a +0 short sword
Missiles
 c - 4 javelins
 d - 5 throwing nets {=f}
 j - 257 stones (quivered ammo)
 s - 25 poisoned darts
Armour
 a - a +1 ring mail (worn)
 b - a +0 leather armour
 m - a +0 kite shield (worn)
Jewellery
 B - an amulet of magic regeneration
 Z - a ring of wizardry (left hand)
Wands
 p - a wand of flame (1)
Scrolls
 g - 3 scrolls of immolation {!r}
 r - 3 scrolls of teleportation {@r4}
 y - 2 scrolls of torment {!r}
Potions
 f - a potion of flight {unknown}
 h - 3 potions of berserk rage {!q}
 i - 2 potions of lignification {unknown}
 l - a potion of cancellation {unknown}
 n - 2 potions of curing {@q1}
 o - 3 potions of brilliance
 x - a potion of degeneration {unknown}
 A - 3 potions of might

Dungeon Overview and Level Annotations

Branches:
Dungeon (9/15)             Temple (1/1) D:6         Ossuary (visited)
   Lair: D:8-11         Orc: D:9-12

Altars:
Ashenzari
Cheibriados
Dithmenos
Elyvilon
Fedhas
Gozag
Hepliaklqana
Kikubaaqudgha
Makhleb
Nemelex Xobeh
Okawaru
Qazlal
Ru
Trog
Uskayaw
Vehumet
Wu Jian
Xom
Yredelemnul
Zin
The Shining One
Beogh

Shops:
D:5 !   D:9 !

Annotations:
D:5 3 runed translucent doors, seveneves's ghost, novice MiFi

#..### #...(........#.
#....# #...h..z.....
#....### ##...........
##.....## #.....#.....
##......#####...##....
#......##...##........
##..##......(.........
###................##
##.@y.(###........#
####.....##....(.....
#..#................#
##..............##.##.
#....###.........#.##
#.....##.............
#.............##..###
###.......##...# .#
#.....#...###...#


You could see a hornet.


Message History

The sling bullet barely misses the hornet.
The hornet stings you. The hornet stings you!
* * * LOW HITPOINT WARNING * * *
Fire: sling bullet
Press: ? - help, Q - select action, (/) - cycle Shift-Dir - straight line, f/p - hornet
Aim: a hornet (severely wounded, 58% to hit)
You shoot a sling bullet. The sling bullet hits the hornet.
The hornet is severely wounded.
The hornet stings you.
* * * LOW HITPOINT WARNING * * *
The hornet stings you but does no damage.
Fire: 258 stones
Press: ? - help, Q - select action, (/) - cycle Shift-Dir - straight line, f/p - hornet
Aim: a hornet (severely wounded, 57% to hit)
You shoot a stone. The stone hits the hornet!
The hornet is almost dead.
You block the hornet's attack. The hornet stings you!
* * * LOW HITPOINT WARNING * * *
Aiming: Corrosive Bolt
Press: ? - help, Shift-Dir - straight line, f/p - hornet
Aim: a hornet (almost dead, 57% to hit)
The bolt of acid misses the hornet.
The now-empty wand crumbles to dust.
The hornet barely misses you.
Aiming: Throw Flame
Press: ? - help, Shift-Dir - straight line, f/p - hornet
Aim: a hornet (almost dead, 52% to hit)
The puff of flame hits the hornet.
The hornet is almost dead.
The hornet stings you.
You die...

Skill      XL: |  1  2  3  4  5  6  7  8  9 10 |
---------------+-------------------------------+-----
Stealth        | 2 3 4 5 7 8 9 |  9.8
Fighting       | 2 3 4 5 6 7 |  7.4
Short Blades   | 1 2 3 4 5 9 |  9.8
Throwing       | 4 5 |  5.5
Transmutations | 2 4 |  4.0
Spellcasting   | 3 |  3.0
Invocations    | 1 |  1.3
Evocations     | 1 |  1.3
Dodging        | 3 |  3.0

Action                   |  1- 3 |  4- 6 |  7- 9 | 10-12 || total
-------------------------+-------+-------+-------+-------++-------
Melee: Short sword       |    88 |   120 |    12 |     5 ||   225
       Bite              |    13 |    11 |     9 |     2 ||    35
       Dagger            |       |       |   120 |     9 ||   129
       Kick              |       |       |     5 |     1 ||     6
       Headbutt          |       |       |     4 |       ||     4
 Fire: Hunting sling     |       |   173 |   159 |    78 ||   410
Throw: Javelin           |     1 |    10 |     3 |       ||    14
       Stone             |       |    25 |    25 |       ||    50
       Dart              |       |    10 |    19 |       ||    29
       Throwing net      |       |     3 |       |       ||     3
 Cast: Beastly Appendage |       |       |     4 |     1 ||     5
Invok: Stomp             |       |       |     1 |     1 ||     2
 Abil: Exsanguinate      |     1 |       |     1 |     1 ||     3
       Revivify          |       |     1 |     1 |       ||     2
Evoke: Wand              |       |     3 |    17 |    13 ||    33
  Use: Scroll            |       |     5 |     4 |     1 ||    10
       Potion            |       |       |     6 |     3 ||     9
 Stab: Sleeping          |     9 |     7 |     8 |       ||    24
       Distracted        |     1 |     1 |       |       ||     2
       Paralysed         |       |     2 |     3 |       ||     5
Armor: Leather armour    |    23 |    23 |       |       ||    46
       Ring mail         |       |    10 |    47 |    38 ||    95
Dodge: Dodged            |    65 |    77 |   114 |    64 ||   320
Block: Kite shield       |       |     7 |       |    16 ||    23

Levels and vault maps discovered:
D:1:      minmay_arrival_cross, layout_basic
D:2:      layout_basic, minmay_pentomino_t2
D:3:      layout_loops_ring, lemuel_doored_altar
D:4:      layout_basic, minmay_unequal, uniq_edmund
D:5:      layout_cave_pools, cheibrodos_sewer_entry_sluice,
          gup_ossuary_entry_pyramid, biasface_ghost_orc_armoury, minivault_27,
          minmay_shop_grid_forest, uniq_ijyb, uniq_pikel, uniq_prince_ribbit1,
          uniq_menkaure
D:6:      layout_basic, minmay_temple_entry_stoned_glass,
          chequers_serial_rivers_room_a
D:7:      layout_loops_ring, mainiacjoe_overflow_alcove_2,
          mainiacjoe_overflow_concentric_impassable,
          chequers_temple_overflow_statue_of_worship, serial_co_window_serial,
          co_window_cross_1, co_window_paths_b, co_window_paths_a,
          co_window_paths_a, co_window_of_opportunity_a, co_window_corner_b,
          co_window_corner_cb, co_window_cross_3, glass_columns_b,
          glass_columns_b, dk_vineyard_1
D:8:      layout_cave_pools, uniq_grum
D:9:      layout_cave_pools, tgw_sif, serial_shops, shop, nicolae_diamond_shop,
          nicolae_shop_stone
Temple:   regret_index_temple_generic_petals

Notes
Turn   | Place    | Note
-------+----------+-------------------------------------------
     0 | D:1      | agentchuck the Vampire Hunter began the quest for the Orb.
     0 | D:1      | Reached XP level 1. HP: 16/16 MP: 1/1
   131 | D:1      | Reached skill level 2 in Stealth
   137 | D:1      | Reached skill level 2 in Fighting
   271 | D:1      | Reached XP level 2. HP: 22/22 MP: 2/2
   301 | D:1      | Reached skill level 1 in Short Blades
   574 | D:1      | Reached skill level 3 in Stealth
   574 | D:1      | Gained mutation: You are afflicted with vampirism and can
                  | become a bat while bloodless. [Vampire growth]
   574 | D:1      | Reached XP level 3. HP: 27/28 MP: 3/3
  1103 | D:2      | Reached skill level 2 in Short Blades
  1180 | D:2      | Reached XP level 4. HP: 27/27 MP: 4/4
  1676 | D:2      | Reached skill level 3 in Fighting
  1676 | D:2      | Reached skill level 4 in Stealth
  1716 | D:2      | Reached XP level 5. HP: 32/32 MP: 5/5
  1905 | D:3      | HP: 3/32 [adder (3)]
  2435 | D:3      | Reached skill level 3 in Short Blades
  2646 | D:3      | Found a burning altar of Makhleb.
  3540 | D:4      | Noticed Edmund
  3826 | D:4      | Killed Edmund
  3827 | D:4      | Reached skill level 5 in Stealth
  3827 | D:4      | Reached XP level 6. HP: 20/42 MP: 6/6
  4120 | D:5      | Entered Level 5 of the Dungeon
  4360 | D:5      | Found a sand-covered staircase.
  4386 | D:5      | Reached skill level 4 in Short Blades
  4386 | D:5      | Reached skill level 6 in Stealth
  4390 | D:5      | Noticed a water moccasin
  4401 | Ossuary  | Entered an ossuary
  5652 | Ossuary  | Reached skill level 4 in Fighting
  5936 | D:5      | Noticed Pikel
  6037 | D:5      | Identified the +1 scale mail of Ejewkiu {Stlth+}
  6044 | D:5      | Noticed Ijyb
  6044 | D:5      | Noticed Menkaure
  6044 | D:5      | Noticed seveneves's ghost (novice MiFi)
  6049 | D:5      | Killed Pikel
  6050 | D:5      | Reached skill level 4 in Throwing
  6050 | D:5      | Reached skill level 7 in Stealth
  6050 | D:5      | Reached XP level 7. HP: 41/55 MP: 7/7
  6101 | D:5      | Reached skill level 8 in Stealth
  6107 | D:5      | Noticed Prince Ribbit
  6148 | D:4      | Killed Menkaure
  6149 | D:4      | Reached skill level 5 in Fighting
  6149 | D:4      | Reached XP level 8. HP: 28/49 MP: 8/8
  6293 | D:5      | Found a runed translucent gate.
  6294 | D:5      | Found a runed translucent gate.
  6294 | D:5      | Found a runed translucent gate.
  6346 | D:5      | Identified the +1 chain mail of Omission {rElec rN+++ Will-
                  | Stlth+}
  6391 | D:5      | Killed Ijyb
  6719 | D:5      | Found Bynikk's Distillery.
  6728 | D:5      | Bought a potion of curing for 45 gold pieces
  6728 | D:5      | Bought a potion of heal wounds for 75 gold pieces
  6728 | D:5      | Bought a potion of might for 60 gold pieces
  6789 | D:5      | Killed Prince Ribbit
  6790 | D:5      | Reached skill level 5 in Throwing
  6790 | D:5      | Reached skill level 9 in Stealth
  7344 | D:6      | Learned a level 1 spell: Beastly Appendage
  7702 | D:6      | Reached skill level 1 in Transmutations
  7777 | D:6      | Reached skill level 5 in Short Blades
  7963 | D:6      | Found a staircase to the Ecumenical Temple.
  7977 | Temple   | Entered the Ecumenical Temple
  8208 | Temple   | Became a worshipper of Uskayaw the Reveller
  8410 | D:6      | Reached * piety under Uskayaw
  8411 | D:6      | Reached skill level 2 in Transmutations
  8773 | D:7      | Reached ** piety under Uskayaw
  8777 | D:7      | Reached skill level 6 in Fighting
  8804 | D:7      | Reached XP level 9. HP: 24/62 MP: 9/9
  9160 | D:7      | Found a blossoming altar of Fedhas.
  9192 | D:7      | Reached skill level 6 in Short Blades
  9351 | D:7      | Found a shadowy altar of Dithmenos.
  9351 | D:7      | Found a hazy altar of Hepliaklqana.
  9352 | D:7      | Found a stormy altar of Qazlal.
 10023 | D:8      | Identified the +3 spear "Killer Bee's Regret" {spect, rElec
                  | rN+ rCorr}
 10081 | D:8      | Noticed a two-headed ogre
 10118 | D:8      | Reached skill level 3 in Transmutations
 10119 | D:8      | Reached *** piety under Uskayaw
 10126 | D:8      | Reached **** piety under Uskayaw
 10496 | D:8      | Reached skill level 7 in Short Blades
 10496 | D:8      | Noticed Grum
 10543 | D:7      | Reached skill level 4 in Transmutations
 10842 | D:8      | Reached skill level 1 in Spellcasting
 10924 | D:8      | Reached skill level 8 in Short Blades
 11148 | D:8      | Killed Grum
 11149 | D:8      | Reached skill level 7 in Fighting
 11347 | D:8      | Killed a two-headed ogre
 11348 | D:8      | Reached skill level 9 in Short Blades
 11348 | D:8      | Reached skill level 2 in Spellcasting
 11366 | D:8      | Reached skill level 3 in Spellcasting
 11943 | D:8      | Reached XP level 10. HP: 40/73 MP: 12/14
 12460 | D:9      | Reached skill level 1 in Invocations
 12460 | D:9      | Reached skill level 1 in Evocations
 12484 | D:8      | HP: 6/61 [killer bee (8)]
 12489 | D:8      | HP: 6/61 [killer bee (2)]
 12902 | D:8      | HP: 5/62 [orc priest/divine providence (13)]
 13521 | D:9      | Found Azit's Distillery.
 13709 | D:8      | Reached skill level 3 in Dodging
 13964 | D:9      | HP: 5/63 [hornet (14)]
 13966 | D:9      | Slain by a hornet

Vanquished Creatures
  A two-headed ogre (D:8)
  Pikel (D:5)
  Prince Ribbit (D:5)
  Grum (D:8)
  Edmund (D:4)
  Menkaure (D:4)
  4 water moccasins
  A sky beast (D:8)
  An ogre (D:5)
  An orc warrior (D:8)
  2 wolves (D:7)
  A centaur (D:8)
  2 phantoms (D:6)
  A lemure (D:4)
  2 bullfrogs
  A kobold brigand (D:7)
  2 gnoll sergeants
  2 scorpions (D:5)
  A water moccasin skeleton (D:2)
  7 killer bees
  3 wights (D:8)
  A howler monkey (D:8)
  A jelly (D:6)
  3 centaur zombies
  2 hounds
  2 orc priests (D:8)
  A bullfrog skeleton (D:5)
  Ijyb (D:5)
  5 orc wizards
  5 mummies
  A howler monkey zombie (D:7)
  9 adders
  8 gnolls
  A howler monkey skeleton (D:7)
  2 white imps (D:7)
  3 worms
  2 dart slugs
  16 orcs
  11 ball pythons
  9 bats
  2 endoplasms
  A giant cockroach (D:3)
  8 goblins
  7 hobgoblins
  5 jackals
  4 quokkas
  3 frilled lizards (D:1)
  6 gnoll skeletons (Ossuary)
  6 gnoll zombies (Ossuary)
  7 goblin skeletons (Ossuary)
  A goblin zombie (Ossuary)
  3 hobgoblin skeletons (Ossuary)
  7 hobgoblin zombies (Ossuary)
  11 kobolds
  5 kobold skeletons (Ossuary)
  5 kobold zombies (Ossuary)
  An orc skeleton (Ossuary)
  3 orc zombies (Ossuary)
  5 rats
  3 rat skeletons (Ossuary)
  3 rat zombies (Ossuary)
216 creatures vanquished.

Table legend: (Time is in decaauts)
 A = Elapsed time spent in this place.
 B = Non-inter-level travel time spent in this place.
 C = Inter-level travel time spent in this place.
 D = Time resting spent in this place.
 E = Time spent auto-exploring this place.
 F = Levels seen in this place.
 G = Mean time per level.
                   A        B        C        D        E       F      G
               +--------+--------+--------+--------+--------+-----+--------+
         Total |  13944 |  13049 |    895 |   4911 |   4005 |  11 | 1267.6 |
       Dungeon |  12139 |  11308 |    831 |   3910 |   3726 |   9 | 1348.8 |
        Temple |    257 |    193 |     64 |      0 |    192 |   1 |  257.0 |
       Ossuary |   1547 |   1547 |      0 |   1001 |     87 |   1 | 1547.0 |
               +--------+--------+--------+--------+--------+-----+--------+

Top non-repeatable levels by time:
     D:8: 2723 daAuts
     D:7: 1930 daAuts
     D:4: 1632 daAuts
 Ossuary: 1547 daAuts
     D:6: 1202 daAuts
     D:2: 1104 daAuts
     D:5: 1045 daAuts
     D:1: 1038 daAuts
     D:3: 841 daAuts
     D:9: 621 daAuts
  Temple: 257 daAuts

Table legend:
 A = Non-vault XP
 B = Vault XP
 C = Vault XP percentage of total XP
 D = Non-vault monster count
 E = Vault monster count
 F = Vault count percentage of total count
                 A         B        C        D         E       F
            +---------+---------+-------+---------+---------+-------
      Total |    4508 |    1820 |  28.8 |     145 |      70 |  32.6
            +---------+---------+-------+---------+---------+-------
        D:1 |      50 |       2 |   3.8 |      30 |       1 |   3.2
        D:2 |     135 |      13 |   8.8 |      18 |       1 |   5.3
        D:3 |      39 |       0 |   0.0 |      16 |       0 |   0.0
        D:4 |      34 |     324 |  90.5 |       6 |       3 |  33.3
        D:5 |     549 |     940 |  63.1 |      10 |       8 |  44.4
        D:6 |     415 |       0 |   0.0 |       9 |       0 |   0.0
        D:7 |     393 |     235 |  37.4 |      11 |       2 |  15.4
        D:8 |    2572 |     180 |   6.5 |      37 |       1 |   2.6
        D:9 |     321 |       0 |   0.0 |       8 |       0 |   0.0
    Ossuary |       0 |     126 | 100.0 |       0 |      54 | 100.0
            +---------+---------+-------+---------+---------+-------
